 Dungeon Crawl Stone Soup version 0.17.1-1-g73c8601 (webtiles) character file.

22043 HEYYEYAAE the Hand of Fortune (level 12, -23/65 HPs)
             Began as a Spriggan Fighter on Dec 27, 2015.
             Was the Champion of Nemelex Xobeh.
             Annihilated by an ice devil (25 damage)
             ... on level 4 of the Orcish Mines.
             The game lasted 00:35:23 (17272 turns).

HEYYEYAAE the Hand of Fortune (Spriggan Fighter)   Turns: 17272, Time: 00:35:24

Health: -23/65     AC:  8    Str: 22    XL:     12   Next: 59%
Magic:  25/25      EV: 31    Int:  7    God:    Nemelex Xobeh [******]
Gold:   1439       SH:  0    Dex: 26    Spells: 1 memorised, 24 levels left

rFire  . . .     SeeInvis +     O - +4 trident (venom)
rCold  . . .     Clarity  .     S - +0 troll leather armour {Snorg}
rNeg   . . .     SustAt   .     (shield currently unavailable)
rPois  +         Gourm    .     c - +2 hat of Patterns {Str+6 Int-2 Dex+3}
rElec  .         Spirit   .     t - +0 cloak
rCorr  .         Warding  .     (gloves unavailable)
rMut   .         Stasis   .     (boots unavailable)
MR     ++...                    f - amulet of faith
Stlth  ++........               u - +6 ring of dexterity
                                p - ring of poison resistance

@: exhausted, about to teleport, slowed, quick, very resistant to hostile
enchantments, unstealthy
A: unfitting armour, see invisible, herbivore 3, speed 3, slow metabolism 2
a: Triple Draw, Deal Four, Stack Five, Renounce Religion


You were on level 4 of the Orcish Mines.
You worshipped Nemelex Xobeh.
Nemelex Xobeh was exalted by your worship.
You were not hungry.

You visited 3 branches of the dungeon, and saw 16 of its levels.

You collected 1692 gold pieces.
You spent 195 gold pieces at shops.

Inventory:

Hand Weapons
 y - a +1 spear of venom
 I - a -2 spear
 N - a +2 spear of venom
 O - a +4 trident of venom (weapon)
Missiles
 q - 199 arrows
Armour
 a - a +1 robe
 c - the +2 hat of Patterns (worn) {Str+6 Int-2 Dex+3}
   (You acquired it on level 7 of the Dungeon)

   It affects your strength (+6).
   It affects your intelligence (-2).
   It affects your dexterity (+3).
 t - a +0 cloak (worn)
 S - a +0 troll leather armour (worn) {Snorg}
Jewellery
 e - an uncursed ring of ice
 f - an amulet of faith (around neck)
 p - a ring of poison resistance (left hand)
 u - a +6 ring of dexterity (right hand)
 z - an uncursed ring of protection from magic
 J - an uncursed ring of flight
Wands
 h - a wand of fire (0)
 k - a wand of confusion (0)
 D - a wand of paralysis (0)
 L - a wand of hasting (2)
Scrolls
 b - 2 scrolls of fear
 i - a scroll of amnesia
 j - 3 scrolls of magic mapping
 l - 4 scrolls of remove curse
 o - 3 scrolls of noise
 G - 2 scrolls of teleportation
Potions
 g - 2 potions of agility
 n - 4 potions of curing
 s - 2 potions of poison
 v - a potion of cancellation
 x - a potion of might
 B - 2 potions of degeneration {unknown}
 C - 2 potions of brilliance
 H - a potion of haste
Books
 r - a book of Burglary

   Spells                             Type                      Level
   a - Swiftness                      Charms/Air                   2
   b - Passwall                       Transmutation/Earth          3
   c - Passage of Golubria            Translocation                4
   d - Lee's Rapid Deconstruction     Earth                        5
   e - Darkness                       Hexes                        6
   f - Invisibility                   Hexes                        6
Miscellaneous
 m - an ornate deck of war {drawn: 6}
 w - a plain deck of escape {drawn: 3}
Comestibles
 d - 7 bread rations
 E - 9 slices of pizza


   Skills:
 * Level 8.4 Fighting
 * Level 7.5 Armour
 + Level 11.0 Dodging
   Level 2.1 Shields
 + Level 6.0 Unarmed Combat
 + Level 8.0 Spellcasting
 + Level 8.2 Transmutations
 * Level 11.7 Evocations


You had 24 spell levels left.
You knew the following spells:

 Your Spells              Type           Power        Failure   Level  Hunger
a - Passwall              Trmt/Erth      #.........   14%         3    ###....


Dungeon Overview and Level Annotations

Branches:
Dungeon (11/15)            Temple (1/1) D:6            Lair (0/8) D:10
    Orc (4/4) D:11            Elf (0/3) Orc:3

Altars:
Ashenzari
Cheibriados
Dithmenos
Elyvilon
Gozag
Makhleb
Nemelex Xobeh
Okawaru
Qazlal
Ru
Sif Muna
Trog
Vehumet
Xom
Yredelemnul
Zin
The Shining One

Shops:
D:8 [   D:11 (   Orc:4 !!


Innate Abilities, Weirdness & Mutations

You are tiny and cannot use many weapons and most armour.
You have supernaturally acute eyesight.
You are a herbivore.
You cover ground extremely quickly.
You need consume almost no food.


Message History

As you read the scroll of teleportation, it crumbles to dust.
You feel strangely unstable. The blue devil misses you.
The rust devil barely misses you. The ice devil completely misses you.
The rust devil closely misses you. The blue devil misses you.
The ice devil hits you but does no damage.
Unknown command.
Attack whom?
Press: ? - help, Dir - move target cursor, f/p - orc sorcerer
Aim: an orc sorcerer, wielding a dagger and wearing a robe (moderately wounded, poisoned)
You reach to attack!
You hit the orc sorcerer.
The orc sorcerer is heavily wounded.
The blue devil completely misses you.
The orc knight hits you with a battleaxe!!
The ice devil hits you! The ice devil freezes you!!
* * * LOW HITPOINT WARNING * * *
The blue devil completely misses you. The ice devil hits you.
* * * LOW HITPOINT WARNING * * *
The ice devil freezes you!!
You die...
Your body disappears without a glow.

...#.......[.###.#.#.###.
#.....
...................####..
##...#
........#..........# #...
##.##
.....#....#....#..###.#..
##.#
.[........#....#.###..o4.
##.
.....#.....#..#.###oo.# ##
..#...(#.#...#.###o..# #
..#.........#.###3)o#
.#....)#...#.###@34##
###.))[...#.###4#o##
###........###...##
#...........###.#.## #.
.....#.#.#...###...## #...
#.######......###...##
##...# ###
#....##..###...## ##...##
##...# #..###...##
##...###
#...####..###...###...###.


You could see 2 orc knights, 2 ice devils, an orange demon (wandering), a rust
devil, a blue devil, an orc sorcerer, 2 orc warriors and an orc priest
(frenzied).

Vanquished Creatures
  Snorg (Orc:1)
  Erolcha (D:11)
  Erica (D:9)
  A death yak (Orc:4)
  An orc high priest (Orc:4)
  Sonja (Orc:2)
  An unseen horror (D:10)
  2 orc sorcerers
  A gargoyle (D:11)
  A rust devil (Orc:4)
  An orange demon (Orc:4)
  An efreet (Orc:4)
  A komodo dragon (D:10)
  A hellwing (Orc:4)
  A blue devil (Orc:4)
  A two-headed ogre (D:11)
  2 trolls
  A boulder beetle (Orc:4)
  A trapdoor spider (Orc:4)
  2 hungry ghosts
  A wyvern (D:9)
  A wraith (D:10)
  3 deep elf magi
  A human (D:7)
  6 yaks (D:9)
  A hog (D:7)
  A fire elemental (Orc:4)
  A warg (Orc:2)
  3 hippogriffs
  A steam dragon (D:8)
  4 water moccasins
  A hell hound (Orc:4)
  3 ice beasts
  21 orc warriors
  2 sky beasts
  An eye of draining (D:8)
  7 ogres
  6 centaurs
  A big kobold (D:10)
  A crocodile (D:7)
  4 giant frogs
  A gnoll sergeant (D:9)
  A killer bee (Orc:3)
  4 scorpions
  3 wights (D:7)
  A jelly (D:10)
  4 crimson imps
  A giant frog zombie (D:8)
  8 hounds
  A giant frog skeleton (D:6)
  2 centaur skeletons
  3 iguanas
  12 orc priests
  Natasha (thrice) (D:4)
  16 orc wizards
  9 worker ants
  3 sheep (D:7)
  10 adders
  6 gnolls
  A shadow imp (D:5)
  3 oozes
  2 adder skeletons
  An adder zombie (D:6)
  4 worms
  7 giant geckos
  127 orcs
  4 giant cockroaches
  8 hobgoblins
  20 jackals
  6 quokkas
  3 ball pythons
  9 bats
  11 giant newts
  10 goblins
  15 kobolds
  A quokka skeleton (D:7)
  12 rats
425 creatures vanquished.

Vanquished Creatures (collateral kills)
  Josephine (Orc:3)
  3 orc knights (Orc:4)
  A cyclops (Orc:4)
  An elephant (D:10)
  Maurice (D:8)
  An orange demon (Orc:4)
  A blink frog (Orc:4)
  5 wraiths (Orc:3)
  3 fire elementals (Orc:4)
  A warg (Orc:3)
  2 hell hounds (Orc:4)
  10 orc warriors
  An ice beast (D:10)
  3 ogres (Orc:4)
  2 crocodiles
  A gnoll sergeant (D:8)
  2 wights (D:7)
  2 jellies
  9 orc priests
  7 orc wizards
  An iguana (D:8)
  2 sheep
  6 gnolls (D:8)
  42 orcs
  A hobgoblin (D:7)
  A giant gecko (Orc:4)
110 creatures vanquished.

Vanquished Creatures (others)
  3 orcs
  A plant (D:2)
4 creatures vanquished.

Grand Total: 539 creatures vanquished

Notes
Turn   | Place    | Note
--------------------------------------------------------------
     0 | D:1      | HEYYEYAAE the Spriggan Fighter began the quest for the Orb.
     0 | D:1      | Reached XP level 1. HP: 11/11 MP: 2/2
     0 | D:1      | Noticed an iron dragon
     0 | D:1      | Noticed a golden dragon
     2 | D:1      | Noticed a green draconian
     4 | D:1      | Noticed a green draconian
     5 | D:1      | Noticed a large abomination
     7 | D:1      | Noticed a large abomination
     8 | D:1      | Noticed a tentacled monstrosity
    11 | D:1      | Noticed a shadow dragon
    13 | D:1      | Noticed a large abomination
    13 | D:1      | Noticed an iron dragon
    15 | D:1      | Noticed an orb of fire
    17 | D:1      | Noticed an ice dragon
    19 | D:1      | Noticed a tentacled monstrosity
    21 | D:1      | Noticed an ice dragon
   216 | D:1      | Reached XP level 2. HP: 16/16 MP: 3/3
   846 | D:2      | Reached skill level 1 in Armour
   846 | D:2      | Reached XP level 3. HP: 3/19 MP: 4/4
  1166 | D:2      | Found a shadowy altar of Dithmenos.
  1730 | D:3      | Reached XP level 4. HP: 19/23 MP: 5/5
  1829 | D:3      | Learned a level 3 spell: Passwall
  1869 | D:3      | Reached skill level 5 in Dodging
  1876 | D:3      | Reached skill level 1 in Transmutations
  2234 | D:3      | Reached XP level 5. HP: 3/28 MP: 6/6
  2541 | D:4      | Found a glowing silver altar of Zin.
  3036 | D:3      | HP: 1/28 [poisoned by an adder]
  3405 | D:4      | Noticed an ogre
  3476 | D:4      | Noticed Natasha
  3478 | D:4      | Noticed an ogre
  3494 | D:5      | Entered Level 5 of the Dungeon
  3548 | D:5      | Reached skill level 1 in Spellcasting
  3870 | D:5      | Noticed a sky beast
  3876 | D:5      | Noticed a centaur
  3898 | D:6      | Found an opulent altar of Gozag.
  3905 | D:6      | Found a staircase to the Ecumenical Temple.
  3915 | Temple   | Entered the Ecumenical Temple
  3938 | Temple   | Became a worshipper of Nemelex Xobeh the Trickster
  4093 | D:6      | Received a gift from Nemelex Xobeh
  4366 | D:6      | You fall through a shaft for 2 floors!
  4366 | D:8      | Noticed an eye of draining
  4412 | D:8      | Killed an eye of draining
  4412 | D:8      | Reached XP level 6. HP: 32/32 MP: 1/9
  4433 | D:8      | Noticed a steam dragon
  4441 | D:8      | Noticed Maurice
  4497 | D:8      | Noticed an orc warrior
  4540 | D:8      | Killed a steam dragon
  4540 | D:8      | Reached skill level 1 in Evocations
  4601 | D:8      | Killed an orc warrior
  4601 | D:8      | Reached XP level 7. HP: 28/37 MP: 11/11
  4630 | D:8      | Found Paeg's Armour Shoppe.
  4800 | D:8      | Reached * piety under Nemelex Xobeh
  4819 | D:8      | Received a gift from Nemelex Xobeh
  4827 | D:8      | Reached skill level 6 in Dodging
  4828 | D:8      | Killed Maurice
  5011 | D:8      | Noticed a hippogriff
  5025 | D:8      | Killed a hippogriff
  5025 | D:8      | Reached XP level 8. HP: 31/42 MP: 13/13
  5801 | D:7      | Reached ** piety under Nemelex Xobeh
  5838 | D:7      | Reached skill level 7 in Dodging
  5912 | D:7      | Received a gift from Nemelex Xobeh
  5915 | D:7      | Noticed a black mamba
  5915 | D:7      | a hippogriff changed into a black mamba
  5916 | D:7      | a black mamba changed into a crocodile
  6022 | D:6      | Reached skill level 5 in Fighting
  6022 | D:6      | Reached skill level 5 in Evocations
  6171 | D:6      | Noticed an ice beast
  6249 | D:6      | Killed an ice beast
  6402 | D:6      | Noticed an ogre
  6416 | D:6      | Killed an ogre
  6427 | D:6      | Reached XP level 9. HP: 47/47 MP: 15/15
  6447 | D:6      | Noticed an ogre
  6455 | D:6      | Killed an ogre
  6571 | D:6      | Noticed a water moccasin
  6609 | D:6      | Killed a water moccasin
  6622 | D:6      | Noticed a water moccasin
  6664 | D:6      | Killed a water moccasin
  7108 | D:5      | Received a gift from Nemelex Xobeh
  7219 | D:5      | Killed a centaur
  7277 | D:5      | Killed a sky beast
  7630 | D:4      | Reached *** piety under Nemelex Xobeh
  7742 | D:4      | Killed an ogre
  7742 | D:4      | Reached skill level 5 in Transmutations
  7826 | D:4      | Killed Natasha
  7845 | D:4      | Killed an ogre
  7845 | D:4      | Reached skill level 8 in Dodging
  8072 | D:4      | Noticed Natasha
  8082 | D:4      | Killed Natasha
  8144 | D:4      | Noticed Natasha
  8148 | D:4      | Killed Natasha
  8908 | D:7      | Identified a scroll of acquirement
  8914 | D:7      | Got a twisted hat
  8920 | D:7      | Identified the +2 hat of Patterns {Str+6 Int-2 Dex+3} (You acquired it on level 7 of the Dungeon)
  8936 | D:7      | Found a white marble altar of Elyvilon.
  8953 | D:7      | Received a gift from Nemelex Xobeh
  9509 | D:7      | Reached skill level 5 in Spellcasting
  9509 | D:7      | Reached XP level 10. HP: 53/53 MP: 18/18
  9996 | D:9      | Reached skill level 5 in Armour
 10315 | D:9      | Reached **** piety under Nemelex Xobeh
 10479 | D:9      | Noticed Erica
 10488 | D:9      | Killed Erica
 10558 | D:9      | Received a gift from Nemelex Xobeh
 10758 | D:9      | Reached skill level 9 in Dodging
 11308 | D:10     | Entered Level 10 of the Dungeon
 11311 | D:10     | Found a staircase to the Lair.
 11311 | D:10     | Noticed an elephant
 11323 | D:10     | Killed an elephant
 11472 | D:10     | Reached skill level 5 in Unarmed Combat
 11521 | D:10     | Received a gift from Nemelex Xobeh
 11587 | D:10     | Noticed an unseen horror
 11589 | D:10     | Reached ***** piety under Nemelex Xobeh
 11603 | D:10     | Killed an unseen horror
 11603 | D:10     | Reached XP level 11. HP: 29/58 MP: 21/21
 11912 | D:10     | Found a basalt altar of Yredelemnul.
 12777 | D:11     | Received a gift from Nemelex Xobeh
 12782 | D:11     | Found a staircase to the Orcish Mines.
 13205 | D:11     | Noticed Erolcha
 13218 | D:11     | Killed Erolcha
 13449 | D:11     | Received a gift from Nemelex Xobeh
 13714 | D:11     | Received a gift from Nemelex Xobeh
 13820 | D:11     | Found a white marble altar of Elyvilon.
 13976 | D:11     | Found Vaoz's Antique Weapon Shop.
 14017 | Orc:1    | Entered Level 1 of the Orcish Mines
 14099 | Orc:1    | Received a gift from Nemelex Xobeh
 14136 | Orc:1    | Noticed Snorg
 14177 | Orc:1    | Killed Snorg
 14190 | Orc:1    | Reached skill level 10 in Evocations
 14258 | Orc:1    | Reached skill level 10 in Dodging
 14454 | Orc:2    | Noticed Sonja
 14467 | Orc:2    | Killed Sonja
 14518 | Orc:2    | Received a gift from Nemelex Xobeh
 15119 | Orc:1    | Reached ****** piety under Nemelex Xobeh
 15371 | Orc:3    | Found a staircase to the Elven Halls.
 15408 | Orc:3    | Received a gift from Nemelex Xobeh
 15741 | Orc:3    | Noticed Josephine
 15755 | Orc:3    | Killed Josephine
 15855 | Orc:3    | Received a gift from Nemelex Xobeh
 15906 | Orc:3    | Reached XP level 12. HP: 32/64 MP: 24/24
 15974 | Orc:3    | Found a bloodstained altar of Trog.
 16024 | Orc:4    | Entered Level 4 of the Orcish Mines
 16091 | Orc:4    | Noticed Azrael
 16167 | Orc:4    | Noticed Azrael
 16167 | Orc:4    | Azrael changed into Azrael the rakshasa
 16167 | Orc:4    | Azrael the rakshasa changed into Azrael the efreet
 16284 | Orc:4    | Reached skill level 11 in Evocations
 16347 | Orc:4    | Noticed an orc warlord
 16353 | Orc:4    | an orc warlord changed into a death yak
 17074 | Orc:4    | Received a gift from Nemelex Xobeh
 17081 | Orc:4    | Found Abor's Distillery.
 17082 | Orc:4    | Found Dackace's Distillery.
 17192 | Orc:4    | Bought a potion of curing for 39 gold pieces
 17194 | Orc:4    | Bought a potion of curing for 36 gold pieces
 17194 | Orc:4    | Bought a potion of curing for 36 gold pieces
 17194 | Orc:4    | Bought a potion of might for 48 gold pieces
 17194 | Orc:4    | Bought a potion of curing for 36 gold pieces
 17272 | Orc:4    | HP: 2/65 [ice devil (4)]
 17272 | Orc:4    | Annihilated by an ice devil

Action                   |  1- 3 |  4- 6 |  7- 9 | 10-12 || total
-------------------------+-------+-------+-------+-------++-------
Melee: Unarmed           |    34 |       |       |       ||    34
       Dagger            |   194 |   637 |       |       ||   831
       Short sword       |       |     3 |    26 |       ||    29
       Spear             |       |       |   470 |   928 ||  1398
       Trident           |       |       |       |   116 ||   116
Invok: Deal Four         |       |       |       |     1 ||     1
Evoke: Deck              |       |     6 |    21 |    99 ||   126
       Wand              |       |     7 |    18 |    20 ||    45
  Use: Potion            |     3 |     6 |     2 |     5 ||    16
       Scroll            |       |     5 |    10 |     9 ||    24
 Stab: Sleeping          |     3 |     1 |     2 |    10 ||    16
       Confused          |       |     1 |     9 |     7 ||    17
       Distracted        |       |       |     4 |     7 ||    11
       Paralysed         |       |       |       |    22 ||    22
  Eat: Bread ration      |       |     1 |     1 |     1 ||     3
       Fruit             |       |       |       |     3 ||     3
       Pizza             |       |       |       |     2 ||     2
